 Seeded DCSS version 0.29-a0-323-g050149af67 (webtiles) character file.

Game seed: 20220412 (custom seed)

124 a11behringer the Chopper (level 4, -4/39 HPs)
             Began as a Palentonga Berserker on Apr 12, 2022.
             Was a Follower of Trog.
             Killed from afar by an orc wizard (6 damage)
             ... with a puff of flame
             ... on level 3 of the Dungeon.
             The game lasted 00:03:09 (2092 turns).

a11behringer the Chopper (Palentonga Berserker)     Turns: 2092, Time: 00:03:10

Health: -4/39      AC:  6    Str: 22    XL:     4   Next: 81%
Magic:  4/4        EV:  8    Int:  7    God:    Trog [*.....]
Gold:   180        SH:  0    Dex: 10    Spells: 3/3 levels left

rFire   . . .      SeeInvis +   a - +0 hand axe
rCold   . . .      Faith    .   (no shield)
rNeg    . . .      Spirit   .   i - +0 scale mail
rPois   .          Reflect  .   (no helmet)
rElec   .          Harm     .   (no cloak)
rCorr   .          Rampage  .   (no gloves)
Will    .....                   (no barding)
Stlth   ..........              (no amulet)
HPRegen 0.13/turn               (no ring)
MPRegen 0.09/turn               (no ring)

@: no status effects
A: large, rugged brown scales 3, see invisible, deformed body, roll 1, armoured
tail
a: Rolling Charge, Renounce Religion, Berserk


You were on level 3 of the Dungeon.
You worshipped Trog.
Trog was aware of your devotion.
You visited 1 branch of the dungeon, and saw 3 of its levels.

You collected 180 gold pieces.

Inventory:

Hand Weapons
 a - a +0 hand axe (weapon)
Armour
 b - a +0 animal skin
 h - a +0 robe of fire resistance
 i - a +0 scale mail (worn)
Scrolls
 d - a scroll of torment
 j - a scroll of immolation {unknown}
 k - a scroll of vulnerability {unknown}
Potions
 c - 2 potions of lignification {unknown}
 e - a potion of degeneration
 f - 3 potions of curing
 g - a potion of magic


   Skills:
 + Level 3.9 Fighting
 + Level 4.3 Axes
 + Level 2.0 Armour
 + Level 2.0 Dodging
 + Level 0.3 Stealth


You had 3 spell levels left.
You didn't know any spells.
Your spell library was empty.

Dungeon Overview and Level Annotations

Branches:
Dungeon (3/15)

Altars:
Ashenzari


Innate Abilities, Weirdness & Mutations

You are completely covered in rugged brown scales. (AC +3, +7% HP)
You have supernaturally acute eyesight. (SInv)
Armour fits poorly on your strangely shaped body.
You can roll at nearby foes to attack.
You have a long armoured tail.


Message History

Things that are here:
a +0 flail; a +0 leather armour You closely miss the orc.
You hit the orc but do no damage. You tail-slap the orc.
The orc is almost dead.
The orc hits you but does no damage.
You closely miss the orc.
The orc is almost dead.
The orc hits you with a +0 vorpal mace.
The orc wizard gestures wildly while chanting.
The orc wizard flickers and vanishes for a moment.
You hit the orc.
You kill the orc!
Trog accepts your kill.
You barely miss the orc. The orc hits you with a +5 flail!
You closely miss the orc. The orc hits you with a +5 flail.
You slash the orc!
You kill the orc!
Trog accepts your kill.
Your Armour skill increases to level 2!
You hit the orc wizard.
The orc wizard is moderately wounded.
The orc wizard barely misses you.
You hit the orc wizard.
Your tail-slap misses the orc wizard.
The orc wizard is heavily wounded.
The orc wizard hits you with a +0 dagger of electrocution.
You are electrocuted!
You are too injured to fight recklessly!
You are too injured to fight recklessly!
You are too injured to fight recklessly!
You are too injured to fight recklessly!
Unknown command.
You hit the orc wizard.
Your tail-slap misses the orc wizard.
The orc wizard is severely wounded.
The orc wizard hits you but does no damage.
You are electrocuted!
* * * LOW HITPOINT WARNING * * *
The orc wizard points at you and mumbles some strange words.
The puff of flame hits you.
You die...

#......<.# ...#
#####..####.....
##..........#
#..####....<##....
...........#......#
.............######
...........###
............#####
............)@oo#
...###......###...#
#.. #......# .....
#. #...)... ####
#.......# #.......#
........# #.....>


You could see an orc wizard (invisible) and an orc.

Vanquished Creatures
  Jessica (D:2)
  Terence (D:2)
  3 gnolls (D:2)
  An adder (D:2)
  A dart slug (D:2)
  3 orcs (D:3)
  2 bats
  2 endoplasms (D:1)
  A giant cockroach (D:2)
  3 goblins
  3 hobgoblins
  2 quokkas
  4 ball pythons
  A frilled lizard (D:2)
  A kobold (D:2)
  5 rats
34 creatures vanquished.

Notes
Turn   | Place    | Note
-------+----------+-------------------------------------------
     0 | D:1      | a11behringer the Palentonga Berserker began the quest for
                  | the Orb.
     0 | D:1      | Reached XP level 1. HP: 19/19 MP: 1/1
   195 | D:1      | Found a faded altar of an unknown god.
   510 | D:1      | Reached XP level 2. HP: 25/25 MP: 2/2
   989 | D:2      | Noticed Jessica
   995 | D:2      | Killed Jessica
   996 | D:2      | Reached XP level 3. HP: 11/31 MP: 3/3
  1422 | D:2      | Found a broken altar of Ashenzari.
  1476 | D:2      | Noticed Terence
  1477 | D:2      | Reached skill level 4 in Axes
  1478 | D:2      | Reached XP level 4. HP: 26/39 MP: 4/4
  1485 | D:2      | Killed Terence
  2092 | D:3      | Killed from afar by an orc wizard

Illustrated notes

Levels and vault maps discovered:
D:1:      onia_arrival_pentagram, layout_basic,
          hellmonk_ecumenical_altar_crossroads
D:2:      layout_basic, basic_altar, uniq_jessica, uniq_terence
D:3:      layout_rooms

Skill      XL: |  1  2  3  4 |
---------------+-------------+-----
Axes           | 4 |  4.3
Dodging        | 2 |  2.0
Armour         | 2 |  2.0
Fighting       | |  3.9
Stealth        | |  0.3

Action                   |  1- 3 |  4- 6 || total
-------------------------+-------+-------++-------
Melee: Hand axe          |    43 |    36 ||    79
       Tailslap          |     8 |     4 ||    12
Invok: Berserk           |     1 |     1 ||     2
  Use: Scroll            |     4 |       ||     4
 Stab: Sleeping          |     1 |       ||     1
Armor: Animal skin       |     7 |       ||     7
       Robe              |     3 |       ||     3
       Scale mail        |       |    10 ||    10
Dodge: Dodged            |    22 |     9 ||    31

Table legend: (Time is in decaauts)
 A = Elapsed time spent in this place.
 B = Non-inter-level travel time spent in this place.
 C = Inter-level travel time spent in this place.
 D = Time resting spent in this place.
 E = Time spent auto-exploring this place.
 F = Levels seen in this place.
 G = Mean time per level.
                   A        B        C        D        E       F      G
               +--------+--------+--------+--------+--------+-----+--------+
         Total |   2115 |   2052 |     63 |      0 |   1808 |   3 |  705.0 |
       Dungeon |   2115 |   2052 |     63 |      0 |   1808 |   3 |  705.0 |
               +--------+--------+--------+--------+--------+-----+--------+

Top non-repeatable levels by time:
     D:2: 1258 daAuts
     D:1: 815 daAuts
     D:3: 41 daAuts
